 Dungeon Crawl Stone Soup version 0.30-a0-586-g23e55c9e0a (webtiles) character file.

Game seed: 10698112152619121079

32 Citaku the Covered (level 3, -2/29 HPs)
             Began as a Human Fighter on Jan 3, 2023.
             Slain by Terence
             ... wielding a +0 short sword
              (3 damage)
             ... on level 2 of the Dungeon.
             The game lasted 00:01:48 (860 turns).

Citaku the Covered (Human Fighter)                   Turns: 860, Time: 00:01:49

Health: -2/29      AC:  6    Str: 18    XL:     3   Next: 45%
Magic:  3/3        EV:  9    Int:  8    God:
Gold:   114        SH:  4    Dex: 12    Spells: 2/2 levels left

rFire   . . .      SeeInvis .    a - +0 war axe
rCold   . . .      Faith    .    c - +0 buckler
rNeg    . . .      Spirit   .    b - +0 scale mail
rPois   .          Reflect  .    (no helmet)
rElec   .          Harm     .    (no cloak)
rCorr   .          Rampage  .    (no gloves)
Will    .....                    (no boots) Stlth
                                 (no amulet)
HPRegen 0.24/turn                (no ring)
MPRegen 0.08/turn                (no ring)

@: no status effects
A: no striking features
a: no special abilities


You were on level 2 of the Dungeon.
You visited 1 branch of the dungeon, and saw 2 of its levels.

You collected 114 gold pieces.

Inventory:

Hand Weapons
 a - a +0 war axe (weapon)
Armour
 b - a +0 scale mail (worn)
 c - a +0 buckler (worn)
Scrolls
 f - a scroll of enchant armour {unknown}
 h - a scroll of brand weapon {unknown}
 i - a scroll of identify {unknown}
Potions
 d - 3 potions of might
 e - 2 potions of heal wounds {unknown}
 g - a potion of invisibility {unknown}


   Skills:
 + Level 3.2 Fighting
 * Level 2.4 Axes
 * Level 3.4 Armour
 * Level 3.3 Shields


You had 2 spell levels left.
You didn't know any spells.
Your spell library was empty.

Dungeon Overview and Level Annotations

Branches:
Dungeon (2/15)

Altars:

Annotations:
D:2 Terence


Message History

You kill the kobold!
Found 16 gold pieces.
Things that are here:
a +0 dagger; 5 stones HP restored.
Found 5 poisoned darts.
You now have 105 gold pieces (gained 16).
i - a scroll labelled JYDOGG XUGYHE You now have 114 gold pieces (gained 9).
Terence the Incautious comes into view.
He is wielding a +0 short sword and carrying a wand of flame (19).
Terence shouts!
Terence zaps a wand.
The puff of flame misses you. Terence screams, "I want your blood!"
You hit Terence but do no damage. Terence hits you but does no damage.
You hit Terence but do no damage. Terence misses you.
Terence hits you but does no damage.
You barely miss Terence.
Terence zaps a wand.
The puff of flame hits you.
You closely miss Terence. Terence hits you with a +0 short sword.
Terence zaps a wand.
The puff of flame hits you.
You hit Terence but do no damage. You block Terence's attack.
You hit Terence.
Terence is moderately wounded.
Terence zaps a wand.
The puff of flame hits you!
* * * LOW HITPOINT WARNING * * *
You closely miss Terence.
Terence is moderately wounded.
Terence hits you but does no damage. x2
You hit Terence.
Terence is severely wounded.
You block Terence's attack.
You hit Terence but do no damage.
Terence is severely wounded.
Terence hits you with a +0 short sword.
* * * LOW HITPOINT WARNING * * *
You hit Terence.
Terence is almost dead.
Terence hits you with a +0 short sword!
* * * LOW HITPOINT WARNING * * *
Terence hits you with a +0 short sword.
You die...

#... .#
#########.###
.#
#...........#
.#
###.#######.#.#
.# #...#
#.#.##.# #.###
#......######
#.#
###.........#
#.# ###.#.###.#
##.#### #@# #
......# #@#
.#.##.# #.#
.#.##.# #.#
.#.##.# #..
......# ###
...#### ....#
###.#


You could see Terence.

Vanquished Creatures
  A dart slug (D:1)
  4 ball pythons (D:1)
  A bat (D:1)
  4 endoplasms (D:1)
  3 giant cockroaches (D:1)
  3 goblins (D:1)
  2 hobgoblins (D:1)
  A quokka (D:1)
  A frilled lizard (D:1)
  4 kobolds
  3 rats (D:1)
27 creatures vanquished.

Notes
Turn   | Place    | Note
-------+----------+-------------------------------------------
     0 | D:1      | Citaku the Human Fighter began the quest for the Orb.
     0 | D:1      | Reached XP level 1. HP: 18/18 MP: 1/1
    94 | D:1      | Reached XP level 2. HP: 24/24 MP: 2/2
   240 | D:1      | Reached XP level 3. HP: 29/29 MP: 3/3
   847 | D:2      | Noticed Terence
   860 | D:2      | HP: 1/29 [Terence/+0 short sword (7)]
   860 | D:2      | Slain by Terence

Illustrated notes

Levels and vault maps discovered:
D:1:      dpeg_arrival_simpleton_a, layout_loops_ring,
          minmay_misc_feat_secret_circle
D:2:      layout_loops_cross, uniq_terence, uniq_jessica

Action                   || total
-------------------------++-------
Melee: War axe           ||    78
Armor: Scale mail        ||    50
Dodge: Dodged            ||    37
Block: Buckler           ||    20

Table legend: (Time is in decaauts)
 A = Elapsed time spent in this place.
 B = Non-inter-level travel time spent in this place.
 C = Inter-level travel time spent in this place.
 D = Time resting spent in this place.
 E = Time spent auto-exploring this place.
 F = Levels seen in this place.
 G = Mean time per level.
                   A        B        C        D        E       F      G
               +--------+--------+--------+--------+--------+-----+--------+
         Total |    893 |    893 |      0 |      0 |    575 |   2 |  446.5 |
       Dungeon |    893 |    893 |      0 |      0 |    575 |   2 |  446.5 |
               +--------+--------+--------+--------+--------+-----+--------+

Top non-repeatable levels by time:
     D:1: 809 daAuts
     D:2: 83 daAuts
